 Dungeon Crawl Stone Soup version 0.22.1-2-g9c5b331383 (webtiles) character file.

449 Jynx the Digger (level 7, -10/36 HPs)
             Began as a Gargoyle Earth Elementalist on Nov 13, 2018.
             Mangled by an ogre
             ... wielding a +0 giant spiked club
              (22 damage)
             ... on level 4 of the Dungeon.
             The game lasted 00:08:01 (4606 turns).

Jynx the Digger (Gargoyle Earth Elementalist)       Turns: 4606, Time: 00:08:02

Health: -10/36     AC:  8    Str: 12    XL:     7   Next: 4%
Magic:  2/13       EV: 12    Int: 16    God:
Gold:   216        SH:  0    Dex: 11    Spells: 8/14 levels left

rFire    . . .     SeeInvis +   t - +0 dagger (speed)
rCold    . . .     Gourm    .   (no shield)
rNeg     + . .     Faith    .   c - +0 robe
rPois    ∞         Spirit   .   (no helmet)
rElec    +         Reflect  .   h - +1 cloak
rCorr    .         Harm     +   (no gloves)
MR       .....                  (no boots)
Stlth    ++........             r - amulet of harm
HPRegen  0.12/turn              u - ring of see invisible
MPRegen  0.13/turn              (no ring)

@: very slightly contaminated
A: negative energy resistance 1, electricity resistance, unbreathing,
petrification resistance, rot immunity, AC +4
a: no special abilities


You were on level 4 of the Dungeon.
You were hungry.

You visited 1 branch of the dungeon, and saw 4 of its levels.

You collected 216 gold pieces.

Inventory:

Hand Weapons
 t - a +0 dagger of speed (weapon)
Armour
 c - a +0 robe (worn)
 h - a +1 cloak (worn)
Jewellery
 r - an amulet of harm (around neck)
 u - a ring of see invisible (left hand)
Wands
 n - a wand of flame (7)
Scrolls
 a - a scroll of remove curse
 b - a scroll of noise {unknown}
 i - a scroll of enchant weapon
 j - 2 scrolls of magic mapping
 p - a scroll of amnesia {unknown}
 q - a scroll of enchant armour {unknown}
Potions
 g - a potion of degeneration {unknown}
 k - a potion of magic {unknown}
 o - a potion of invisibility {unknown}
 s - a potion of flight {unknown}
Comestibles
 d - 3 rations
 f - 2 chunks of flesh


   Skills:
 + Level 1.3 Short Blades
 + Level 2.2 Dodging
 - Level 2.1 Stealth
 + Level 4.1 Spellcasting
 - Level 0.7 Transmutations
 - Level 7.1 Earth Magic


You had 8 spell levels left.
You knew the following spells:

 Your Spells              Type           Power        Failure   Level  Hunger
a - Sandblast             Erth           ####..       1%          1    None
b - Passwall              Tmut/Erth      ###.....     4%          2    ##.....
c - Stone Arrow           Conj/Erth      ##....       12%         3    ###....

Your spell library contained the following spells:

 Spells                   Type           Power        Failure   Level  Hunger
 Lee's Rapid Deconstruct  Erth           ####......   24%         5    ######.
 Petrify                  Tmut/Erth      ###.....     32%         4    ####...


Dungeon Overview and Level Annotations

Branches:
Dungeon (4/15)
 Temple: D:4-7

Altars:
Dithmenos
Elyvilon
Kikubaaqudgha
Sif Muna
Zin
The Shining One


Innate Abilities, Weirdness & Mutations

You are resistant to torment.
Your stone body is resilient. (AC +4)
You are immune to poison.
You resist negative energy. (rN+)
You are resistant to electric shocks. (rElec)
You can survive without breathing.
You are immune to petrification.
You are immune to rotting.


Message History

The ogre is heavily wounded.
The ogre misses you.
You barely miss the ogre.
The ogre is heavily wounded.
The ogre hits you with a giant spiked club.
You hit the ogre.
The ogre is severely wounded.
You hit the ogre but do no damage.
The ogre is severely wounded.
The ogre hits you with a giant spiked club!
Ouch! That really hurt!
You hit the ogre.
The ogre is almost dead.
You hit the ogre.
The ogre is almost dead.
You barely miss the ogre.
The ogre is almost dead.
The ogre hits you with a giant spiked club!!
Ouch! That really hurt!
You die...

#....## #.....##
......## ......#
.....# ....# #..# ###
#.#######.##
#....O@..#.##
#######.###.## ####.##
##.#### ###...##
##...# #......##
##.##.#####
###.##..###.###.#...##
.
#.##.#.#.####<.....##
...
#.#.......[..[......#
####...#
#.#.................#


You could see an ogre.

Vanquished Creatures
  A centaur (D:4)
  2 hounds (D:4)
  Crazy Yiuf (D:2)
  Ijyb (D:3)
  2 worker ants
  3 gnolls (D:3)
  6 adders
  An ooze (D:1)
  6 worms
  3 dart slugs
  A leopard gecko (D:2)
  11 orcs
  A ball python (D:1)
  7 bats
  5 giant cockroaches
  6 goblins
  13 hobgoblins
  4 jackals (D:2)
  2 quokkas
  7 frilled lizards
  7 kobolds
  8 rats
98 creatures vanquished.

Notes
Turn   | Place    | Note
-------+----------+-------------------------------------------
     0 | D:1      | Jynx the Gargoyle Earth Elementalist began the quest for
                  | the Orb.
     0 | D:1      | Reached XP level 1. HP: 10/10 MP: 3/3
   195 | D:1      | Reached skill level 4 in Earth Magic
   457 | D:1      | Reached XP level 2. HP: 15/15 MP: 3/5
  1119 | D:1      | Reached XP level 3. HP: 19/19 MP: 4/6
  1406 | D:1      | Learned a level 2 spell: Passwall
  1498 | D:2      | Reached skill level 5 in Earth Magic
  1692 | D:2      | Reached XP level 4. HP: 24/24 MP: 3/8
  2067 | D:2      | Found a glowing golden altar of the Shining One.
  2201 | D:2      | Found a runed door.
  2464 | D:2      | Noticed Crazy Yiuf
  2473 | D:2      | Killed Crazy Yiuf
  2473 | D:2      | Reached XP level 5. HP: 19/28 MP: 0/9
  2582 | D:3      | Found a shadowy altar of Dithmenos.
  2594 | D:3      | Reached skill level 6 in Earth Magic
  2696 | D:3      | Found a glowing silver altar of Zin.
  3413 | D:3      | Noticed Ijyb
  3417 | D:3      | Killed Ijyb
  3577 | D:3      | Reached XP level 6. HP: 32/32 MP: 6/11
  3621 | D:3      | Reached skill level 7 in Earth Magic
  4149 | D:4      | Found an ancient bone altar of Kikubaaqudgha.
  4167 | D:4      | HP: 1/32 [centaur/arrow (15)]
  4183 | D:4      | Reached skill level 1 in Short Blades
  4183 | D:4      | Reached XP level 7. HP: 8/36 MP: 11/13
  4419 | D:4      | Learned a level 3 spell: Stone Arrow
  4471 | D:4      | Found a white marble altar of Elyvilon.
  4471 | D:4      | Found a deep blue altar of Sif Muna.
  4606 | D:4      | Mangled by an ogre

Skill      XL: |  1  2  3  4  5  6 |
---------------+-------------------+-----
Earth Magic    | 4 5 6 7 |  7.1
Spellcasting   | 3 4 |  4.1
Short Blades   | 1 |  1.3
Dodging        | 2 |  2.2
Stealth        | |  2.1
Transmutations | |  0.7

Action                   |  1- 3 |  4- 6 |  7- 9 || total
-------------------------+-------+-------+-------++-------
Melee: Unarmed           |    30 |       |       ||    30
       Dagger            |    13 |    84 |     7 ||   104
 Cast: Sandblast         |    50 |    88 |       ||   138
       Stone Arrow       |       |       |     2 ||     2
  Use: Scroll            |     2 |     4 |       ||     6
       Potion            |       |     4 |       ||     4
 Stab: Distracted        |       |       |     1 ||     1
  Eat: Chunk             |     3 |     8 |     1 ||    12
Armor: Robe              |    17 |    41 |       ||    58
Dodge: Dodged            |    37 |    65 |     2 ||   104
